 Dungeon Crawl Stone Soup version 0.31-a0-846-gb3bcc0d938 (webtiles) character file.

Game seed: 9486287519114881382

49933 Maratek the Impaler (level 14, -1/116 HPs)
             Began as a Minotaur Fighter on Oct 3, 2023.
             Was a High Priest of Hepliaklqana.
             Slain by a swamp worm (4 damage)
             ... on level 2 of the Lair of Beasts.
             The game lasted 00:32:14 (15617 turns).

Maratek the Impaler (Minotaur Fighter)             Turns: 15617, Time: 00:32:15

Health: -1/116     AC: 25    Str: 27    XL:     14   Next: 17%
Magic:  0/13       EV: 14    Int:  5    God:    Hepliaklqana [*****.]
Gold:   1058       SH: 12    Dex:  9    Spells: 13/13 levels left

rFire   + . .        E - +5 Force Lance {heavy, knockback}
rCold   + . .        k - +0 kite shield
rNeg    . . .        y - +0 plate armour
rPois   .            a - +1 hat {SInv}
rElec   +            G - scarf of the Bruised Emperors {rC+ rF+, Will+ rCorr SInv Stlth+}
rCorr   +            r - +0 pair of gloves
SInv    +            c - +0 pair of boots
Will    ++...        m - amulet of guardian spirit Stlth
                     j - +5 ring of evasion
HPRegen 0.00/turn    A - +4 ring of protection
MPRegen 0.13/turn

%: guardian spirit
@: about to teleport, inhibited regen, hasted, very quick
A: reduced essence, horns 2, retaliatory headbutt, electricity resistance,
inhibited regeneration
a: Renounce Religion, Recall Ancestor, Ancestor Identity, Transference, Idealise


You were on level 2 of the Lair of Beasts.
You worshipped Hepliaklqana.
Hepliaklqana was extremely pleased with you.
You visited 3 branches of the dungeon, and saw 18 of its levels.

You collected 1943 gold pieces.
You spent 885 gold pieces at shops.

Inventory:

Hand Weapons
 b - a +3 scimitar of flaming
 E - the +5 Force Lance (weapon) {heavy, knockback}
   (You found it on level 8 of the Dungeon)
Missiles
 u - 2 throwing nets
Armour
 a - a +1 hat of see invisible (worn)
 c - a +0 pair of boots (worn)
 k - a +0 kite shield (worn)
 r - a +0 pair of gloves (worn)
 y - a +0 plate armour (worn)
 G - the scarf of the Bruised Emperors (worn) {rC+ rF+, Will+ rCorr SInv Stlth+}
   (You acquired it on level 12 of the Dungeon)

   Will+:     It increases your willpower.
   SInv:      It lets you see invisible.
   rCorr:     It protects you from acid and corrosion.
   Stlth+:    It makes you more stealthy.
Jewellery
 j - a +5 ring of evasion (left hand)
 m - an amulet of guardian spirit (around neck)
 A - a +4 ring of protection (right hand)
 I - a ring of protection from cold
 J - a +5 ring of evasion
Wands
 p - a wand of paralysis (33)
 q - a wand of iceblast (15)
 s - a wand of mindburst (13)
 B - a wand of flame (22)
 H - a wand of quicksilver (3)
Scrolls
 f - 2 scrolls of fear
 i - a scroll of fog
 t - 2 scrolls of amnesia
 v - 3 scrolls of teleportation
 x - 2 scrolls of revelation
 z - a scroll of vulnerability
 C - a scroll of silence
 D - a scroll of identify
 K - a scroll of butterflies
Potions
 d - 9 potions of might
 e - a potion of lignification {unknown}
 g - a potion of invisibility {unknown}
 h - a potion of cancellation
 n - 5 potions of magic
 o - 3 potions of degeneration {unknown}
 w - 6 potions of curing
 F - 3 potions of haste
Miscellaneous
 M - a condenser vane


   Skills:
 + Level 13.6 Fighting
 + Level 16.1 Polearms
 + Level 14.7 Armour
 + Level 5.7 Dodging
 + Level 4.9 Stealth
 + Level 13.8 Shields


You had 13 spell levels left.
You didn't know any spells.
Your spell library contained the following spells:

 Spells                   Type           Power      Damage    Failure   Level
 Magic Dart               Conj           0%         1d3       99%         1
 Slow                     Hex            0%         N/A       99%         1
 Sting                    Tmut/Pois      0%         1d3       99%         1
 Call Imp                 Summ           0%         N/A       100%        2
 Ensorcelled Hibernation  Hex/Ice        0%         N/A       100%        2
 Jinxbite                 Hex            0%         N/A       100%        2
 Static Discharge         Conj/Air       0%         2-2/arc   100%        2
 Call Canine Familiar     Summ           0%         N/A       100%        3
 Confusing Touch          Hex            0%         N/A       100%        3
 Mephitic Cloud           Conj/Pois/Air  0%         N/A       100%        3
 Ozocubu's Armour         Ice            0%         N/A       100%        3
 Sigil of Binding         Hex            0%         N/A       100%        3
 Vampiric Draining        Necr           0%         2d6       100%        3
 Airstrike                Air            0%         2d(0-16)  100%        4
 Anguish                  Hex/Necr       0%         N/A       100%        4
 Dimensional Bullseye     Hex/Tloc       0%         N/A       100%        4
 Leda's Liquefaction      Hex/Erth       0%         N/A       100%        4
 Summon Lightning Spire   Summ/Air       0%         N/A       100%        4
 Irradiate                Conj/Tmut      0%         3d11      100%        5
 Metabolic Englaciation   Hex/Ice        0%         N/A       100%        5
 Simulacrum               Ice/Necr       0%         N/A       100%        6
 Polar Vortex             Ice            0%         N/A       100%        9


Dungeon Overview and Level Annotations

Branches:
Dungeon (14/15)            Temple (1/1) D:5            Lair (3/5) D:11
  Swamp (0/4) Lair:3        Snake (0/4) Lair:2          Orc (0/2) D:10
 Vaults (0/5) D:13

Altars:
Ashenzari
Cheibriados
Dithmenos
Elyvilon
Fedhas
Gozag
Hepliaklqana
Kikubaaqudgha
Makhleb
Nemelex Xobeh
Okawaru
Qazlal
Ru
Sif Muna
Trog
Uskayaw
Vehumet
Wu Jian
Xom
Yredelemnul
Zin
The Shining One

Shops:
D:2 (   D:7 *   D:11 *

Annotations:
D:11 exclusion: 2 oklob plants


Innate Abilities, Weirdness & Mutations

Your life essence is reduced to manifest your ancestor. (-10% HP)
You have a pair of horns on your head.
You reflexively headbutt those who attack you in melee.
You are resistant to electric shocks. (rElec)
You do not regenerate when monsters are visible.


Message History

You impale the death yak!!
The death yak is knocked back by the blow.
The death yak is heavily wounded.
The swamp worm bites you but does no damage.
You block the tyrant leech's attack.
The swamp worm bites you but does no damage.
The swamp worm attacks as it pursues you!
The swamp worm bites you but does no damage.
The death yak misses you.
You barely miss the death yak. You headbutt the death yak.
The death yak is heavily wounded.
The swamp worm completely misses you. The swamp worm barely misses you.
The tyrant leech bites you but does no damage.
You completely miss the death yak.
The death yak is heavily wounded.
You block the death yak's attack. The swamp worm misses you.
You hit the death yak. You headbutt the death yak.
The death yak is heavily wounded.
The swamp worm bites you but does no damage.
You hit the death yak but do no damage.
The death yak is heavily wounded.
The death yak completely misses you. The tyrant leech bites you!
* * * LOW HITPOINT WARNING * * *
The tyrant leech draws strength from your injuries!
The swamp worm barely misses you.
You impale the death yak!!
The death yak is severely wounded.
The death yak barely misses you. You furiously retaliate!
You headbutt the death yak! You block the swamp worm's attack.
You hit the death yak.
You kill the death yak!
The swamp worm fires a harpoon shot at you.
The harpoon shot hits you but does no damage.
The swamp worm bites you but does no damage.
The tyrant leech bites you!
* * * LOW HITPOINT WARNING * * *
The tyrant leech draws strength from your injuries!
As you read the scroll of teleportation, it crumbles to dust.
You feel strangely unstable. The swamp worm bites you.
You die...

####..............##
# ##..............##
#..............#.#
#.....##.#......##
##.............##
#..............P# #
#####.......#w.##
###### #.......w>w##
.#...###.....#.#@w.#
).)⌠...#...(......##
.)...>.#...........#
#..⌠...#.....[....##
##...###..........#
##### #.....?....##
##...........#
#..#.#......## ##
###..##.#.#...##


You could see a tyrant leech and 3 swamp worms.

Vanquished Creatures
  Gastronok (Lair:2)
  Azrael (D:13)
  An ice dragon (D:14)
  Erolcha (D:13)
  A vault guard (D:13)
  3 hydras
  2 centaur warriors
  2 boulder beetles
  2 two-headed ogres
  6 death yaks
  A tengu warrior (D:14)
  Nergalle (Lair:2)
  A wizard (D:13)
  2 cyclopes
  7 ugly things
  2 manticores
  3 elephants (Lair:2)
  3 black mambas
  A yaktaur (D:13)
  4 cane toads
  An unseen horror (D:13)
  2 rime drakes
  A tengu conjurer (D:14)
  A troll (D:12)
  A hornet (D:10)
  2 dream sheep (D:9)
  4 slime creatures (D:11)
  A vampire (D:10)
  A wyvern (D:10)
  31 yaks
  2 shadows (D:10)
  3 wraiths
  A basilisk (Lair:1)
  A fire elemental (D:13)
  14 humans (D:13)
  2 nagas (Lair:2)
  5 water moccasins
  2 hell hounds (D:13)
  6 black bears
  6 orc warriors
  An ice beast (D:7)
  2 ogres
  5 centaurs
  2 phantoms
  5 kobold brigands
  5 bullfrogs
  2 gnoll sergeants
  3 scorpions
  6 killer bees
  4 electric eels (D:9)
  3 howler monkeys
  4 jellies
  A hound (D:4)
  6 orc priests
  2 gnoll boudas
  Jessica (D:3)
  2 iguanas (D:5)
  2 sleepcaps
  A scorpion zombie (D:3)
  7 orc wizards
  18 gnolls
  8 adders
  2 white imps (D:5)
  2 ufetubi
  An adder zombie (D:3)
  3 worms
  5 dart slugs
  21 orcs
  4 endoplasms
  3 giant cockroaches (D:3)
  12 goblins
  4 hobgoblins (D:1)
  A quokka (D:3)
  5 ball pythons
  2 ball python zombies (D:3)
  6 bats
  5 frilled lizards
  11 kobolds
  4 rats
313 creatures vanquished.

Vanquished Creatures (collateral kills)
  A hydra (Lair:2)
  Erica (D:8)
  A boulder beetle (D:13)
  2 death yaks (Lair:1)
  A two-headed ogre (D:12)
  A wizard (D:12)
  A necromancer (D:13)
  A deep elf pyromancer (D:14)
  An elephant (Lair:2)
  6 ugly things
  2 cane toads (Lair:2)
  A komodo dragon (Lair:1)
  A rime drake (Lair:1)
  2 tengu conjurers (D:13)
  A wyvern (D:9)
  14 yaks
  A basilisk (Lair:2)
  6 humans (D:13)
  A steam dragon (D:8)
  A naga (Lair:2)
  A hell hound (D:13)
  2 water moccasins
  A black bear (Lair:2)
  2 centaurs
  A kobold brigand (D:9)
  3 killer bees
  An electric eel (D:9)
  A howler monkey (D:7)
  A gnoll bouda (D:8)
  2 orc wizards
  A gnoll (D:8)
  5 orcs (D:9)
  4 kobolds
71 creatures vanquished.

Vanquished Creatures (others)
  A centaur (D:14)
  13 battlemagi
14 creatures vanquished.

Grand Total: 398 creatures vanquished

Notes
Turn   | Place    | Note
-------+----------+-------------------------------------------
     0 | D:1      | Maratek the Minotaur Fighter began the quest for the Orb.
     0 | D:1      | Reached XP level 1. HP: 19/19 MP: 0/0
   150 | D:1      | Reached XP level 2. HP: 27/27 MP: 1/1
   792 | D:2      | Found Bahuaps's Antique Weapon Shop.
   902 | D:2      | Reached XP level 3. HP: 33/33 MP: 2/2
   980 | D:2      | Reached XP level 4. HP: 25/41 MP: 3/3
  1291 | D:2      | Reached skill level 3 in Polearms
  1308 | D:2      | Found a radiant altar of Vehumet.
  1676 | D:2      | Found a faded altar of an unknown god.
  1872 | D:2      | Prayed at the altar of an unknown god.
  1872 | D:2      | Became a worshipper of Ru the Awakened
  2504 | D:3      | Noticed Jessica
  2508 | D:3      | Killed Jessica
  2653 | D:3      | Reached XP level 5. HP: 47/47 MP: 4/4
  3002 | D:3      | Found a basalt altar of Yredelemnul.
  3038 | D:3      | Reached skill level 4 in Polearms
  3086 | D:3      | Reached skill level 5 in Armour
  3314 | D:3      | Identified a scroll of acquirement
  3315 | D:3      | Acquired 841 gold pieces
  3335 | D:4      | Reached skill level 5 in Fighting
  3335 | D:4      | Reached skill level 1 in Dodging
  3335 | D:4      | Reached XP level 6. HP: 56/56 MP: 5/5
  3495 | D:4      | Found a sacrificial altar of Ru.
  3789 | D:4      | Reached skill level 5 in Polearms
  3789 | D:4      | Reached skill level 5 in Shields
  4032 | D:4      | Noticed a water moccasin
  4041 | D:4      | Killed a water moccasin
  4042 | D:4      | Reached XP level 7. HP: 47/61 MP: 6/6
  4596 | D:5      | Entered Level 5 of the Dungeon
  4830 | D:5      | Found a staircase to the Ecumenical Temple.
  4928 | Temple   | Entered the Ecumenical Temple
  4950 | Temple   | Fell from the grace of Ru
  5014 | Temple   | Became a worshipper of Hepliaklqana the Forgotten
  5241 | D:5      | Reached skill level 6 in Polearms
  5243 | D:5      | Reached skill level 1 in Stealth
  5303 | D:5      | Got a weird book
  5541 | D:5      | Found a broken altar of Ashenzari.
  5627 | D:5      | Reached skill level 7 in Polearms
  5634 | D:5      | Reached XP level 8. HP: 58/70 MP: 3/7
  6427 | D:6      | Reached skill level 8 in Polearms
  6554 | D:6      | Reached * piety under Hepliaklqana
  6942 | D:7      | Found Poefe's Practical Paraphernalia.
  6950 | D:7      | Bought a +0 plate armour for 345 gold pieces
  6950 | D:7      | Bought a +4 ring of protection for 540 gold pieces
  7047 | D:7      | Reached XP level 9. HP: 58/70 MP: 8/8
  7166 | D:7      | Found a shimmering blue altar of Sif Muna.
  7228 | D:7      | Reached skill level 9 in Polearms
  7397 | D:7      | Reached ** piety under Hepliaklqana
  7398 | D:7      | Remembered your ancestor Muretta as a battlemage
  7790 | D:8      | Noticed Erica
  7796 | D:8      | Killed Erica
  7797 | D:8      | Reached skill level 10 in Polearms
  7930 | D:8      | Reached XP level 10. HP: 52/77 MP: 5/9
  8105 | D:8      | Found a snail-covered altar of Cheibriados.
  8105 | D:8      | Found the +5 Force Lance {heavy, knockback}
  8459 | D:9      | Identified the +2 ice dragon scales of Greater Demons
                  | {Rampage rPois rF- rC++}
  8499 | D:9      | Reached *** piety under Hepliaklqana
  8542 | D:9      | Noticed a three-headed hydra
  8547 | D:9      | Killed a three-headed hydra
  8548 | D:9      | Reached skill level 11 in Polearms
  9041 | D:10     | Entered Level 10 of the Dungeon
  9123 | D:10     | Found a hide-covered altar of Uskayaw.
  9155 | D:10     | Reached skill level 12 in Polearms
  9248 | D:10     | Noticed a two-headed ogre
  9252 | D:10     | Killed a two-headed ogre
  9253 | D:10     | Reached skill level 10 in Armour
  9253 | D:10     | Reached XP level 11. HP: 85/85 MP: 10/10
  9845 | D:10     | Found a staircase to the Orcish Mines.
  9897 | D:11     | Reached **** piety under Hepliaklqana
  9933 | D:11     | Found Anituv's Assorted Antiques.
  9945 | D:11     | Reached skill level 13 in Polearms
  9983 | D:11     | Noticed an oklob plant
 10102 | D:11     | Found a staircase to the Lair.
 10555 | D:11     | Noticed a two-headed ogre
 10564 | D:11     | Killed a two-headed ogre
 10565 | D:11     | Reached skill level 10 in Shields
 10593 | D:11     | Noticed an oklob plant
 10603 | D:12     | Noticed a wizard
 10608 | D:12     | Killed a wizard
 10609 | D:12     | Reached skill level 10 in Fighting
 10609 | D:12     | Reached skill level 5 in Dodging
 10658 | D:12     | Noticed a red ugly thing
 10664 | D:12     | Killed a red ugly thing
 10795 | D:12     | Acquired the scarf of the Bruised Emperors {rC+ rF+, Will+
                  | rCorr SInv Stlth+}
 10816 | D:12     | Noticed a four-headed hydra
 10822 | D:12     | Killed a four-headed hydra
 10944 | D:12     | Noticed a two-headed ogre
 10948 | D:12     | Killed a two-headed ogre
 10949 | D:12     | Reached XP level 12. HP: 95/97 MP: 11/11
 11114 | D:12     | Reached skill level 14 in Polearms
 11163 | D:12     | Reached ***** piety under Hepliaklqana
 11434 | D:13     | Noticed a boulder beetle
 11441 | D:13     | Killed a boulder beetle
 11580 | D:13     | Noticed a centaur warrior
 11587 | D:13     | Killed a centaur warrior
 11650 | D:13     | Noticed Azrael
 11667 | D:13     | Killed Azrael
 11765 | D:13     | Noticed a vault guard
 11789 | D:13     | Noticed Erolcha
 11819 | D:13     | Killed a vault guard
 11830 | D:13     | Killed Erolcha
 12320 | D:13     | Found a gate to the Vaults.
 12327 | D:13     | Reached skill level 15 in Polearms
 12706 | D:13     | Noticed a boulder beetle
 12718 | D:13     | Killed a boulder beetle
 12719 | D:13     | Reached XP level 13. HP: 106/106 MP: 12/12
 13102 | D:14     | Found a blossoming altar of Fedhas.
 13673 | Lair:1   | Entered Level 1 of the Lair of Beasts
 14322 | Lair:1   | Gained mutation: You expend magic power (3 MP) to
                  | strengthen your wands. [potion of mutation]
 14322 | Lair:1   | Gained mutation: You passively dampen the noise of your
                  | surroundings. [potion of mutation]
 14323 | Lair:1   | Lost mutation: You passively dampen the noise of your
                  | surroundings. [potion of mutation]
 14323 | Lair:1   | Lost mutation: You expend magic power (3 MP) to strengthen
                  | your wands. [potion of mutation]
 14323 | Lair:1   | Gained mutation: You have supernaturally acute eyesight.
                  | (SInv) [potion of mutation]
 14323 | Lair:1   | Gained mutation: You have hidden genetic defects. [potion
                  | of mutation]
 14324 | Lair:1   | Lost mutation: You have hidden genetic defects. [potion of
                  | mutation]
 14324 | Lair:1   | Lost mutation: You have supernaturally acute eyesight.
                  | (SInv) [potion of mutation]
 14324 | Lair:1   | Gained mutation: You are resistant to electric shocks.
                  | (rElec) [potion of mutation]
 14324 | Lair:1   | Gained mutation: You do not regenerate when monsters are
                  | visible. [potion of mutation]
 14376 | Lair:2   | Noticed Gastronok
 14400 | Lair:2   | Killed Gastronok
 15194 | Lair:2   | Found a staircase to the Snake Pit.
 15320 | Lair:2   | Reached XP level 14. HP: 115/116 MP: 13/13
 15350 | Lair:2   | Reached skill level 16 in Polearms
 15457 | Lair:2   | Noticed Nergalle
 15463 | Lair:2   | Killed Nergalle
 15583 | Lair:3   | Found a staircase to the Swamp.
 15616 | Lair:2   | HP: 3/116 [tyrant leech (13)]
 15617 | Lair:2   | Slain by a swamp worm

Illustrated notes

Levels and vault maps discovered:
D:1:      nicolae_arrival_washed_ashore, layout_loops_ring, minmay_tromino_i4
D:2:      layout_basic, basic_altar, hellmonk_ecumenical_altar_inner_sanctum,
          serial_shops, nicolae_shop_hallway_plus,
          chequers_serial_rivers_micro_a, serial_bayou_ford_a
D:3:      kennysheep_six_static_rooms, layout_basic,
          nicolae_yredelemnul_corpse_copse, minmay_fountain_box, uniq_jessica
D:4:      layout_gridville, nicolae_ru_great_annihilating_truth
D:5:      layout_loops_ring, cheibrodos_ashenzari_chains,
          minmay_temple_entry_mist, kennysheep_small_square
D:6:      layout_loops_cross
D:7:      minmay_spotlight, layout_basic, mainiacjoe_overflow_24_doors,
          nicolae_alphabet_shops
D:8:      layout_basic, mainiacjoe_overflow_alcove_2, uniq_erica
D:9:      layout_big_octagon, hangedman_ranch
D:10:     layout_cave_pods, eat_drink_and_be_merry_uskayaw, orc_0_dummy
D:11:     layout_basic, dpeg_oklobed_lair, serial_shops, shop
D:12:     layout_roguey, grunt_ogre_cave
D:13:     layout_roguey, grunt_vaults_entry_tiered, uniq_azrael, uniq_erolcha
D:14:     layout_long_grid, old_standard_altar, portal_ice_cave_entry_dragon
Temple:   nicolae_temple_superstar
Lair:1:   layout_roguey, grunt_megastairs_2
Lair:2:   layout_chaotic_city, nicolae_snake_entry_squirm,
          nicolae_quartered_pool_medium, beast_lair_carwin_8, uniq_nergalle,
          uniq_gastronok
Lair:3:   dreamdust_cave_troll, layout_cave_pods, minmay_swamp_entry_worms,
          hangedman_tree_tricks, grunt_megastairs_1, lemuel_fruit_fields

Skill      XL: |  1  2  3  4  5  6  7  8  9 10 11 12 13 14 |
---------------+-------------------------------------------+-----
Shields        | 4 5 6 8 9 10 11 13 | 13.8
Armour         | 4 5 6 7 8 10 11 13 14 | 14.7
Fighting       | 4 5 6 7 8 10 12 13 | 13.6
Polearms       | 3 4 5 7 8 10 12 13 15 16 | 16.1
Dodging        | 1 2 4 5 |  5.7
Stealth        | 1 2 3 4 |  4.9

Action                     |  1- 3 |  4- 6 |  7- 9 | 10-12 | 13-15 || total
---------------------------+-------+-------+-------+-------+-------++-------
  Melee: Trident           |    81 |   182 |   305 |       |       ||   568
         Headbutt          |     9 |    18 |    45 |    36 |    44 ||   152
         Lance             |       |       |       |   370 |   280 ||   650
 Invoke: Renounce Religion |       |       |     1 |       |       ||     1
         Ancestor Life: Ba |       |       |     1 |       |       ||     1
         Ancestor Identity |       |       |       |       |     1 ||     1
    Use: Scroll            |       |     7 |     7 |     7 |     5 ||    26
         Potion            |       |       |       |       |    10 ||    10
   Stab: Paralysed         |       |     1 |       |       |       ||     1
         Distracted        |       |       |     1 |     4 |     6 ||    11
 Armour: Scale mail        |    43 |    79 |    97 |       |       ||   219
         Plate armour      |       |       |    51 |   111 |   171 ||   333
  Dodge: Dodged            |    23 |    83 |   147 |    81 |   129 ||   463
  Block: Buckler           |    14 |     2 |       |       |       ||    16
         Kite shield       |       |    62 |   130 |    91 |   137 ||   420

Table legend: (Time is in decaauts)
 A = Elapsed time spent in this place.
 B = Non-inter-level travel time spent in this place.
 C = Inter-level travel time spent in this place.
 D = Time resting spent in this place.
 E = Time spent auto-exploring this place.
 F = Levels seen in this place.
 G = Mean time per level.
                   A        B        C        D        E       F      G
               +--------+--------+--------+--------+--------+-----+--------+
         Total |  15575 |  14248 |   1327 |   1188 |  10580 |  18 |  865.3 |
       Dungeon |  13574 |  12288 |   1286 |    904 |   9350 |  14 |  969.6 |
        Temple |    104 |     85 |     19 |      0 |      0 |   1 |  104.0 |
          Lair |   1896 |   1875 |     21 |    284 |   1229 |   3 |  632.0 |
               +--------+--------+--------+--------+--------+-----+--------+

Top non-repeatable levels by time:
    D:13: 1762 daAuts
     D:2: 1717 daAuts
     D:4: 1286 daAuts
     D:5: 1153 daAuts
  Lair:1: 980 daAuts
     D:6: 966 daAuts
  Lair:2: 891 daAuts
     D:3: 877 daAuts
    D:12: 845 daAuts
    D:10: 842 daAuts
     D:7: 832 daAuts
     D:9: 802 daAuts
     D:1: 774 daAuts
    D:11: 718 daAuts
     D:8: 599 daAuts
